 Dungeon Crawl Stone Soup version 0.30.0 (webtiles) character file.

Game seed: 2126952806279624314

8 Dani the Trooper (level 2, 18/24 HPs)
             Began as a Demonspawn Fighter on May 20, 2023.
             Quit the game on level 1 of the Dungeon.
             The game lasted 00:00:16 (171 turns).

Dani the Trooper (Demonspawn Fighter)                Turns: 171, Time: 00:00:17

Health: 18/24      AC:  7    Str: 16    XL:     2   Next: 0%
Magic:  2/2        EV:  8    Int:  9    God:
Gold:   12         SH:  4    Dex: 12    Spells: 1/1 levels left

rFire   . . .        a - +0 war axe
rCold   . . .        c - +0 buckler
rNeg    . . .        b - +0 scale mail
rPois   .            (no helmet)
rElec   .            (no cloak)
rCorr   .            (no gloves)
SInv    .            (no boots)
Will    .....        (no amulet) Stlth
                     (no ring)
HPRegen 0.24/turn    (no ring)
MPRegen 0.08/turn

%: no passive effects
@: no status effects
A: rugged brown scales 1
a: no special abilities


You were on level 1 of the Dungeon.
You visited 1 branch of the dungeon, and saw 1 of its levels.

You collected 12 gold pieces.

Inventory:

Hand Weapons
 a - a +0 war axe (weapon)
Armour
 b - a +0 scale mail (worn)
 c - a +0 buckler (worn)
Scrolls
 e - a scroll of teleportation {unknown}
Potions
 d - a potion of might


   Skills:
 - Level 3.0 Fighting
 + Level 2.5 Axes
 - Level 2.6 Armour
 - Level 2.6 Shields


You had one spell level left.
You didn't know any spells.
Your spell library was empty.

Dungeon Overview and Level Annotations

Branches:
Dungeon (1/15)

Altars:


Innate Abilities, Weirdness & Mutations

You are partially covered in rugged brown scales. (AC +1, +3% HP)


Message History

Key pressed, stopping explore.
No target in view!
Key pressed, stopping explore.
No target in view!
Key pressed, stopping explore.
No target in view!
Key pressed, stopping explore.
No target in view!
Key pressed, stopping explore.
No target in view!
Key pressed, stopping explore.
Found a stone staircase leading down.
There is a stone staircase leading down here.
Key pressed, stopping explore.
Key pressed, stopping explore.
A bat comes into view.
A bat is nearby!
A bat is nearby!
A bat is nearby!
The bat hits you but does no damage.
A bat is nearby!
You hit the bat.
The bat is heavily wounded.
The bat hits you. The bat hits you but does no damage.
The bat barely misses you.
A bat is nearby!
You hit the bat but do no damage.
The bat is heavily wounded.
The bat hits you but does no damage. x2
You completely miss the bat.
The bat is heavily wounded.
The bat hits you. The bat hits you but does no damage.
A bat is nearby!
You slash the bat!
You kill the bat!
Your Axes skill increases to level 2!
HP restored.
You now have 12 gold pieces.
Found a short sword.
No target in view!
A frilled lizard comes into view.
A frilled lizard is nearby!
You miss the frilled lizard. You block the frilled lizard's attack.
The frilled lizard barely misses you.
A frilled lizard is nearby!
You barely miss the frilled lizard.
The frilled lizard bites you but does no damage.
A frilled lizard is nearby!
You closely miss the frilled lizard. You block the frilled lizard's attack.
The frilled lizard bites you but does no damage.
A frilled lizard is nearby!
You slash the frilled lizard!
You kill the frilled lizard!
No target in view!
You see here a frilled lizard corpse.
Key pressed, stopping explore.
No target in view!
Key pressed, stopping explore.
No target in view!
Key pressed, stopping explore.
No target in view!
Key pressed, stopping explore.
No target in view!
Found a sling.
No target in view!
Found an escape hatch in the floor.
A bat comes into view.
Found a scroll labelled COUF ANTATHUTO and a scroll labelled SYECEWK GYATILL.
A bat is nearby!
A bat is nearby!
The bat barely misses you.
A bat is nearby!
The bat hits you.
You hit the bat.
You kill the bat!
No target in view!
e - a scroll labelled COUF ANTATHUTO No target in view!
Key pressed, stopping explore.
No target in view!
No target in view!
A dart slug comes into view.
The dart slug launches a dart at you.
The slug dart hits you but does no damage.
You see here a scroll labelled SYECEWK GYATILL.
A frilled lizard comes into view.
The frilled lizard hisses angrily.
There are monsters nearby!
Found 13 gold pieces.
Found a stone staircase leading down.
There are monsters nearby!
You completely miss the dart slug. The dart slug closely misses you.
There are monsters nearby!
You slash the dart slug!
You kill the dart slug!
You slash the frilled lizard!
You kill the frilled lizard!
You have reached level 2!
Your demonic ancestry asserts itself...
Rugged brown scales grow over part of your body.
Are you sure you want to abandon this character and quit the game? (Confirm with "yes".)

##$..## #.....
#..... ....> ##...#
# ....# #.> #†.#
#####.#
#.@#######...#.#.##
#.†.?......#.......
##.#######...#.#
#.# ##.##.#
#.########.##.####
..................
..########.##.....
#..# #.##..... #..
...).....


There were no monsters in sight!

Vanquished Creatures
  A dart slug (D:1)
  2 bats (D:1)
  A ball python (D:1)
  2 frilled lizards (D:1)
  A rat (D:1)
7 creatures vanquished.

Notes
Turn   | Place    | Note
-------+----------+-------------------------------------------
     0 | D:1      | Dani the Demonspawn Fighter began the quest for the Orb.
     0 | D:1      | Reached XP level 1. HP: 18/18 MP: 1/1
    99 | D:1      | Reached skill level 2 in Axes
   171 | D:1      | Gained mutation: You are partially covered in rugged brown
                  | scales. (AC +1, +3% HP) [demonic ancestry]
   171 | D:1      | Reached XP level 2. HP: 18/24 MP: 2/2
   171 | D:1      | Quit the game

Illustrated notes

Levels and vault maps discovered:
D:1:      dpeg_arrival_simpleton_a, layout_loops_ring

Skill      XL: |  1 |
---------------+----+-----
Axes           | 2 |  2.5
Fighting       | |  3.0
Armour         | |  2.6
Shields        | |  2.6

Action                     || total
---------------------------++-------
  Melee: War axe           ||    13
 Armour: Scale mail        ||     8
  Dodge: Dodged            ||     6
  Block: Buckler           ||     2

Levels and vault maps discovered:
D:1:      dpeg_arrival_simpleton_a, layout_loops_ring

Table legend: (Time is in decaauts)
 A = Elapsed time spent in this place.
 B = Non-inter-level travel time spent in this place.
 C = Inter-level travel time spent in this place.
 D = Time resting spent in this place.
 E = Time spent auto-exploring this place.
 F = Levels seen in this place.
 G = Mean time per level.
                   A        B        C        D        E       F      G
               +--------+--------+--------+--------+--------+-----+--------+
         Total |    176 |    176 |      0 |      0 |    140 |   1 |  176.0 |
       Dungeon |    176 |    176 |      0 |      0 |    140 |   1 |  176.0 |
               +--------+--------+--------+--------+--------+-----+--------+

Top non-repeatable levels by time:
     D:1: 176 daAuts

Table legend:
 A = Kills in this place as a percentage of kills in the entire game.
 B = Kills by you in this place as a percentage of kills by you in the entire game.
 C = Kills by friends in this place as a percentage of kills by friends in the entire game.
 D = Other kills in this place as a percentage of other kills in the entire game.
 E = Experience gained in this place as a percentage of experience gained in the entire game.
 F = Experience gained in this place divided by the number of levels of this place that you have seen.
                   A       B       C       D       E      F
               +-------+-------+-------+-------+-------+----------------------
         Total | 100.0 | 100.0 |   N/A |   N/A | 100.0 |  12.0
       Dungeon | 100.0 | 100.0 |   N/A |   N/A | 100.0 |  12.0
               +-------+-------+-------+-------+-------+----------------------
